 Dungeon Crawl Stone Soup version 0.27-a0-345-g7370b58738 (webtiles) character file.

Game seed: 1089540273551251119

6029 Morbidden the Reanimator (level 10, -1/66 (74) HPs)
             Began as a Demonspawn Necromancer on Feb 15, 2021.
             Was an Elder of Cheibriados.
             Slain by a wight
             ... wielding a +5 falchion
              (9 damage)
             ... on level 9 of the Dungeon.
             The game lasted 00:22:02 (14234 turns).

Morbidden the Reanimator (Demonspawn Necromancer)  Turns: 14234, Time: 00:22:03

HP:   -1/66 (74)    AC:  6    Str: 18    XL:     10   Next: 56%
MP:   19/19         EV: 13    Int: 34    God:    Cheibriados [****..]
Gold: 914           SH: 10    Dex: 25    Spells: 20/24 levels left

rFire    . . .     SeeInvis +   a - staff of death
rCold    . . .     Faith    .   t - +0 kite shield
rNeg     + . .     Spirit   .   v - +0 ring mail
rPois    .         Reflect  .   A - +1 hat {SInv}
rElec    .         Harm     .   (no cloak)
rCorr    +         Rampage  .   (no gloves)
Will     .....                  (no boots)
Stlth    ++........             (no amulet)
HPRegen  0.21/turn              m - ring of resist corrosion
MPRegen  0.16/turn              C - +6 ring of intelligence

@: heavily drained, very slow
A: hooves 1, agile 1, foul stench 2, low mp 1, powered by death 1, screaming 1
a: Renounce Religion, Bend Time, Temporal Distortion, Slouch


You were on level 9 of the Dungeon.
You worshipped Cheibriados.
Cheibriados was greatly pleased with you.
You visited 2 branches of the dungeon, and saw 10 of its levels.
You also visited: Bailey.

You collected 914 gold pieces.

Inventory:

Missiles
 n - 7 throwing nets
 y - 3 curare-tipped darts (quivered)
Armour
 t - a +0 kite shield (worn)
 v - a +0 ring mail (worn)
 A - a +1 hat of see invisible (worn)
 E - a +0 plate armour
 F - a +0 chain mail
Magical Staves
 a - a staff of death (weapon)
Jewellery
 m - a ring of resist corrosion (left hand)
 C - a +6 ring of intelligence (right hand)
Wands
 s - a wand of digging (19)
 D - a wand of polymorph (6)
Scrolls
 b - 3 scrolls of fear {unknown}
 c - 12 scrolls of identify
 e - 7 scrolls of teleportation {unknown}
 f - 3 scrolls of immolation {unknown}
 g - 2 scrolls of enchant armour {unknown}
 h - 2 scrolls of enchant weapon {unknown}
 i - 2 scrolls of noise {unknown}
 l - 2 scrolls of amnesia {unknown}
 q - 2 scrolls of magic mapping {unknown}
 r - 5 scrolls of fog {unknown}
 w - a scroll of blinking {unknown}
 x - a scroll of random uselessness {unknown}
Potions
 d - a potion of degeneration {unknown}
 j - 2 potions of heal wounds
 k - 6 potions of curing
 o - a potion of lignification
 p - a potion of flight
 u - 3 potions of attraction
 z - a potion of might {unknown}
 B - 2 potions of resistance


   Skills:
 * Level 5.3 Fighting
 + Level 4.3(4.4) Polearms
 * Level 1.1(2.9) Staves
 + Level 3.4 Armour
 + Level 5.3 Dodging
 + Level 2.5 Stealth
 * Level 2.8 Shields
 * Level 7.7 Spellcasting
 * Level 9.9 Necromancy
 * Level 2.6 Invocations


You had 20 spell levels left.
You knew the following spells:

 Your Spells              Type           Power        Failure   Level
a - Pain                  Necr           100%         1%          1
b - Vampiric Draining     Necr           44%          1%          3

Your spell library contained the following spells:

 Spells                   Type           Power        Failure   Level
 Animate Skeleton         Necr           100%         1%          1
 Animate Dead             Necr           44%          4%          4
 Agony                    Necr           88%          13%         5


Dungeon Overview and Level Annotations

Branches:
Dungeon (9/15)             Temple (1/1) D:6            Lair (0/6) D:8
 Bailey (visited)
    Orc: D:9-12

Altars:
Ashenzari
Cheibriados
Dithmenos
Elyvilon
Fedhas
Gozag
Hepliaklqana
Kikubaaqudgha
Makhleb
Nemelex Xobeh
Okawaru
Qazlal
Ru
Sif Muna
Trog
Uskayaw
Vehumet
Wu Jian
Xom
Yredelemnul
Zin

Shops:
D:6 :   D:8 *

Annotations:
D:7 1 runed translucent door


Innate Abilities, Weirdness & Mutations

You have large cloven feet.
You sometimes emit foul miasma when damaged in melee.
You regenerate a little health from kills.
You are agile. (Dex +2)
Your magical capacity is low. (-10% MP)
You occasionally shout uncontrollably at your foes.


Message History

Unknown command.
Unknown command.
Unknown command.
Unknown command.
You hit the wight but do no damage. You kick the wight, but do no damage.
The wight is moderately damaged.
The wight hits you but does no damage. The wight barely misses you.
Unknown command.
Unknown command.
You hit the wight but do no damage. Your kick misses the wight.
The wight is moderately damaged.
You block the wight's attack. x2
Unknown command.
Unknown command.
You closely miss the wight.
The wight is moderately damaged.
The wight hits you with a +5 falchion.
* * * LOW HITPOINT WARNING * * *
You block the wight's attack.
Unknown command.
Unknown command.
You hit the wight but do no damage. You kick the wight, but do no damage.
The wight is moderately damaged.
The wight closely misses you. The wight barely misses you.
Unknown command.
Unknown command.
You hit the wight but do no damage.
The wight is moderately damaged.
The wight hits you with a +5 falchion!
* * * LOW HITPOINT WARNING * * *
You partially resist.
You feel drained. The wight barely misses you. You block the wight's attack.
Unknown command.
Unknown command.
Unknown command.
Unknown command.
You hit the wight but do no damage. You kick the wight, but do no damage.
The wight is moderately damaged.
You block the wight's attack. The wight hits you with a +5 falchion!
You die...

####.......
#......... #.......#.
. ......... ..
.......... ...
.>>......# ....
#......z##..?..
#......@z......
#......)#######
#.......# #.#...#.#
####.......#
..............#
.....###.#..##.####
#≈.....###.#.........
#≈...........###.###.


You could see 2 wights.

Vanquished Creatures
  Harold (D:8)
  A tengu warrior (D:6)
  Pikel (D:6)
  A komodo dragon (D:8)
  A wyvern (D:7)
  Grum (D:8)
  2 ice beasts
  2 sky beasts (D:6)
  A black bear (D:6)
  2 orc warriors (D:7)
  2 ogres
  A necrophage (D:7)
  A centaur (D:3)
  3 wolves (D:8)
  A lemure (D:6)
  A phantom (D:7)
  4 bullfrogs
  8 gnoll sergeants (Bailey)
  3 scorpions
  2 wights (D:9)
  A crimson imp (D:4)
  2 bullfrog zombies
  A jelly (D:9)
  6 gnoll shamans (Bailey)
  2 orc priests
  A bullfrog skeleton (D:4)
  9 hounds
  A centaur skeleton (D:4)
  An iguana (D:8)
  4 worker ants
  7 orc wizards
  Terence (D:3)
  A hound zombie (D:3)
  A hound skeleton (D:5)
  A worker ant zombie (D:7)
  14 gnolls (Bailey)
  15 adders
  2 shadow imps
  2 white imps (D:5)
  3 ufetubi
  2 oozes
  An adder zombie (D:5)
  3 worms
  6 dart slugs
  8 leopard geckos
  27 orcs
  9 bats
  13 giant cockroaches
  8 goblins
  13 hobgoblins
  6 kobolds
  2 quokkas
  3 ball pythons
  A ball python zombie (D:5)
  6 frilled lizards
  A jackal skeleton (D:5)
  A jackal zombie (D:8)
  9 rats
233 creatures vanquished.

Vanquished Creatures (others)
  6 plants (D:8)
6 creatures vanquished.

Grand Total: 239 creatures vanquished

Notes
Turn   | Place    | Note
-------+----------+-------------------------------------------
     0 | D:1      | Morbidden the Demonspawn Necromancer began the quest for
                  | the Orb.
     0 | D:1      | Reached XP level 1. HP: 13/13 MP: 3/3
   361 | D:1      | Gained mutation: You may rarely emit foul miasma when
                  | damaged in melee. [demonic ancestry]
   361 | D:1      | Reached XP level 2. HP: 17/20 MP: 1/5
   511 | D:1      | Reached skill level 1 in Fighting
   953 | D:1      | Reached XP level 3. HP: 22/26 MP: 2/6
  1215 | D:1      | Reached skill level 5 in Necromancy
  1759 | D:1      | Learned a level 3 spell: Vampiric Draining
  2109 | D:2      | Gained mutation: You regenerate a little health from kills.
                  | [demonic ancestry]
  2109 | D:2      | Reached XP level 4. HP: 27/32 MP: 3/8
  3264 | D:3      | Noticed Terence
  3275 | D:3      | Noticed a centaur
  3500 | D:3      | Killed Terence
  3501 | D:3      | Reached XP level 5. HP: 29/37 MP: 0/10
  3636 | D:3      | Found a bloodstained altar of Trog.
  4077 | D:3      | Found an iron altar of Okawaru.
  4202 | D:3      | Killed a centaur
  4203 | D:3      | Reached skill level 6 in Necromancy
  4203 | D:3      | Gained mutation: You sometimes emit foul miasma when
                  | damaged in melee. [demonic ancestry]
  4203 | D:3      | Reached XP level 6. HP: 41/43 MP: 1/11
  4466 | D:3      | Found a blossoming altar of Fedhas.
  4471 | D:3      | Found a shadowy altar of Dithmenos.
  4591 | D:4      | Found a shimmering blue altar of Sif Muna.
  5214 | D:4      | Reached XP level 7. HP: 50/50 MP: 9/13
  5277 | D:4      | Reached skill level 7 in Necromancy
  5391 | D:4      | Reached skill level 1 in Polearms
  5476 | D:4      | Found a radiant altar of Vehumet.
  5660 | D:4      | Found a burning altar of Makhleb.
  5705 | D:5      | Entered Level 5 of the Dungeon
  6219 | D:5      | Found a glowing silver altar of Zin.
  6221 | D:5      | You fall into a shaft and drop 2 floors!
  6287 | D:7      | Reached skill level 5 in Spellcasting
  6425 | D:7      | Reached XP level 8. HP: 36/55 MP: 15/15
  6571 | D:7      | Reached skill level 1 in Armour
  7016 | D:6      | Noticed Pikel
  7064 | D:6      | Gained mutation: Your magical capacity is low. (-10% MP)
                  | [potion of mutation]
  7064 | D:6      | Gained mutation: You occasionally shout uncontrollably at
                  | your foes. [potion of mutation]
  7064 | D:6      | Gained mutation: You are agile. (Dex +2) [potion of
                  | mutation]
  7064 | D:6      | HP: 4/87 [lemure[Pikel] (5)]
  7073 | D:6      | Killed Pikel
  7074 | D:6      | Reached skill level 8 in Necromancy
  7459 | D:6      | Found Deveoq's Book Shop.
  8036 | D:6      | Found a staircase to the Ecumenical Temple.
  8043 | Temple   | Entered the Ecumenical Temple
  8119 | Temple   | Became a worshipper of Cheibriados the Contemplative
  8137 | D:6      | Gained mutation: You have large cloven feet. [demonic
                  | ancestry]
  8137 | D:6      | Reached XP level 9. HP: 62/65 MP: 16/16
  8514 | D:5      | Reached * piety under Cheibriados
 10123 | D:6      | Noticed a tengu warrior
 10131 | D:6      | Killed a tengu warrior
 10132 | D:6      | Reached skill level 1 in Shields
 10132 | D:6      | Reached skill level 9 in Necromancy
 10225 | D:6      | Noticed an orc knight
 10226 | D:6      | Noticed a skeletal warrior
 10249 | D:6      | HP: 3/66 [bullfrog (2)]
 10250 | D:6      | HP: 1/66 [bullfrog (3)]
 10252 | D:7      | Reached ** piety under Cheibriados
 10861 | D:7      | Found a runed translucent door.
 11020 | D:7      | Found a basalt altar of Yredelemnul.
 11281 | D:8      | Noticed Harold
 11294 | D:8      | Killed Harold
 11295 | D:8      | Reached skill level 5 in Dodging
 11295 | D:8      | Reached XP level 10. HP: 48/73 MP: 9/18
 11588 | D:8      | Found a basalt altar of Yredelemnul.
 11637 | D:8      | Noticed Grum
 11642 | D:8      | Reached skill level 5 in Fighting
 11651 | D:8      | Killed Grum
 12017 | D:8      | Found Zin's Purification Station.
 12021 | D:8      | Found a glowing silver altar of Zin.
 12179 | D:8      | Found a staircase to the Lair.
 12193 | D:8      | Reached skill level 1 in Invocations
 12493 | D:9      | Found a flagged portal.
 12605 | Bailey   | Entered a bailey
 12963 | Bailey   | Reached *** piety under Cheibriados
 13771 | Bailey   | Reached **** piety under Cheibriados
 14228 | D:9      | Reached skill level 1 in Staves
 14234 | D:9      | Slain by a wight

Illustrated notes

Levels and vault maps discovered:
D:1:      mushboom_english_gardens, layout_basic
D:2:      minmay_diamond_boxcup, layout_basic, eino_curves_02,
          minmay_misc_feat_room
D:3:      layout_basic, bloody_trog, grunt_temple_overflow_open,
          hangedman_decor_points, okawaru_metal_pillars_1_2, uniq_terence
D:4:      layout_rooms, lemuel_doored_altar, makhleb_grotto_becter,
          lemuel_round_altar
D:5:      layout_basic, basic_altar
D:6:      minmay_klotski, layout_basic, minmay_temple_entry_slanted,
          serial_shops, shop_fountains, item_on_display_a, uniq_pikel
D:7:      cheibrodos_helix_gallery, layout_loops_corners, dk_yredelemnul_ordeal
D:8:      layout_gridville, kennysheep_little_box, zin_purify,
          david_lair_shrubbed, uniq_grum, uniq_harold
D:9:      layout_loops_cross, nicolae_tso_swordbearing_angel, enter_bailey_4,
          serial_shops, nicolae_shop_window_shopping, basic_altar
Temple:   dshaligram_water_room_temple

Skill      XL: |  1  2  3  4  5  6  7  8  9 10 |
---------------+-------------------------------+-----
Fighting       | 1 2 3 4 5 |  5.3
Necromancy     | 5 6 7 8 9 |  9.9
Dodging        | 2 3 5 |  5.3
Spellcasting   | 3 4 5 6 7 |  7.7
Stealth        | 2 |  2.5
Polearms       | 2 4 |  4.3
Armour         | 2 3 |  3.4
Shields        | 2 |  2.8
Invocations    | 2 |  2.6
Staves         | 1 |  1.1

Action                   |  1- 3 |  4- 6 |  7- 9 | 10-12 || total
-------------------------+-------+-------+-------+-------++-------
Melee: Unarmed           |     8 |    10 |       |       ||    18
       Trident           |       |    36 |   343 |    21 ||   400
       Kick              |       |       |    50 |    38 ||    88
       Staff             |       |       |       |    66 ||    66
 Cast: Pain              |    82 |    82 |     9 |    81 ||   254
       Vampiric Draining |       |    10 |    54 |    34 ||    98
  Use: Scroll            |       |     1 |       |       ||     1
       Potion            |       |       |     8 |       ||     8
 Stab: Sleeping          |       |     1 |     6 |       ||     7
       Distracted        |       |     1 |       |       ||     1
Armor: Robe              |     6 |    14 |     3 |       ||    23
       Ring mail         |       |       |   102 |    44 ||   146
       Skin              |       |       |    36 |       ||    36
Dodge: Dodged            |    16 |    35 |   196 |    99 ||   346
Block: Kite shield       |       |       |    48 |   107 ||   155

Table legend: (Time is in decaauts)
 A = Elapsed time spent in this place.
 B = Non-inter-level travel time spent in this place.
 C = Inter-level travel time spent in this place.
 D = Time resting spent in this place.
 E = Time spent auto-exploring this place.
 F = Levels seen in this place.
 G = Mean time per level.
                   A        B        C        D        E       F      G
               +--------+--------+--------+--------+--------+-----+--------+
         Total |  15555 |  14955 |    600 |   1324 |  11392 |  11 | 1414.1 |
       Dungeon |  13740 |  13155 |    585 |    864 |  10662 |   9 | 1526.7 |
        Temple |     93 |     78 |     15 |      0 |     68 |   1 |   93.0 |
        Bailey |   1721 |   1721 |      0 |    460 |    662 |   1 | 1721.0 |
               +--------+--------+--------+--------+--------+-----+--------+

Top non-repeatable levels by time:
     D:7: 2746 daAuts
     D:1: 1837 daAuts
  Bailey: 1721 daAuts
     D:6: 1654 daAuts
     D:2: 1566 daAuts
     D:8: 1535 daAuts
     D:5: 1482 daAuts
     D:3: 1376 daAuts
     D:4: 1158 daAuts
     D:9: 383 daAuts
  Temple: 93 daAuts
